 Dungeon Crawl Stone Soup version 0.21-a0-111-g52d2817 (webtiles) character file.

8744 Ijustatesigmund the Grappler (level 11, 0/109 HPs)
             Began as a Troll Monk on July 10, 2017.
             Was a High Priest of Cheibriados.
             Slain by Erica
             ... wielding a +0 scimitar of flaming
              (5 damage)
             ... on level 10 of the Dungeon on July 11, 2017.
             The game lasted 00:20:39 (7671 turns).

Ijustatesigmund the Grappler (Troll Monk)           Turns: 7671, Time: 00:20:40

Health: 0/109      AC:  8    Str: 34 (37) XL:     11   Next: 13%
Magic:  14/14      EV: 11    Int: 20 (23) God:    Cheibriados [*****.]
Gold:   677        SH: 13    Dex: 23 (26) Spells: 9/10 levels left

rFire    . . .     SeeInvis .     - Unarmed
rCold    . . .     Gourm    +   n - +0 shield
rNeg     . . .     Faith    .   a - +1 robe
rPois    +         Spirit   .   D - +2 hat
rElec    .         Reflect  .   (no cloak)
rCorr    .         Harm     .   (gloves unavailable)
MR       .....                  (boots unavailable)
Stlth    ++........             (no amulet)
HPRegen  0.68/turn              w - ring of poison resistance
MPRegen  0.14/turn              s - +4 ring of intelligence

@: mighty, about to teleport, very slow
A: unfitting armour, claws 3, hooves 1, clever 1, deterioration 1, fast
metabolism 3, gourmand, mutation resistance 1, regeneration 1, shaggy fur 1,
tough skin 2
a: Bend Time, Temporal Distortion, Slouch, Step From Time, Renounce Religion


You were on level 10 of the Dungeon.
You worshipped Cheibriados.
Cheibriados was extremely pleased with you.
You were not hungry.

You visited 2 branches of the dungeon, and saw 11 of its levels.

You collected 677 gold pieces.

Inventory:

Armour
 a - a +1 robe (worn)
 n - a +0 shield (worn)
 D - a +2 hat (worn)
Jewellery
 h - an uncursed ring of magical power
 s - a +4 ring of intelligence (right claw)
 w - a ring of poison resistance (left claw)
 E - an uncursed ring of flight
Wands
 x - a wand of polymorph (6/24)
Scrolls
 f - 3 scrolls of recharging
 k - a scroll of enchant armour
 o - 2 scrolls of fear
 t - 3 scrolls of fog
 v - a scroll of teleportation
 A - a scroll of magic mapping
 B - a scroll of amnesia
 C - 5 scrolls of remove curse
 F - 4 scrolls of identify
Potions
 c - a potion of flight {unknown}
 e - a potion of degeneration
 i - 3 potions of brilliance
 l - 3 potions of curing
 m - a potion of lignification {unknown}
 p - a potion of resistance {unknown}
 q - 2 potions of cancellation
 r - a potion of heal wounds
 z - a potion of might
Books
 u - the Disquisition on Ghastly Battle Magic
   (You found it on level 5 of the Dungeon)

   Spells                             Type                      Level
   a - Throw Flame                    Conjuration/Fire             2
   b - Bolt of Draining               Conjuration/Necromancy       5
   c - Iron Shot                      Conjuration/Earth            6
   d - Spellforged Servitor           Conjuration/Summoning        7
 y - a book of Changes

   Spells                             Type                      Level
   a - Beastly Appendage              Transmutation                1
   b - Sticks to Snakes               Transmutation                2
   c - Spider Form                    Transmutation/Poison         3
   d - Ice Form                       Ice/Transmutation            4
   e - Blade Hands                    Transmutation                5
Comestibles
 b - 11 bread rations
 d - 5 fruits
 g - 9 royal jellies
 j - 7 meat rations


   Skills:
 + Level 7.6 Fighting
 - Level 2.4 Dodging
 - Level 1.0 Stealth
 - Level 8.3 Shields
 + Level 9.6 Unarmed Combat
 + Level 6.4 Invocations


You had 9 spell levels left.
You knew the following spells:

 Your Spells              Type           Power        Failure   Level  Hunger
a - Beastly Appendage     Tmut           #.....       22%         1    ##.....


Dungeon Overview and Level Annotations

Branches:
Dungeon (10/15)            Temple (1/1) D:6            Lair (0/6) D:8
    Orc: D:9-12

Altars:
Ashenzari
Cheibriados
Dithmenos
Elyvilon
Fedhas
Gozag
Hepliaklqana
Kikubaaqudgha
Nemelex Xobeh
Okawaru
Qazlal
Ru
Sif Muna
Trog
Uskayaw
Vehumet
Wu Jian
Xom
Yredelemnul
Zin
The Shining One

Annotations:
D:8 exclusion: statue
D:10 Erica


Innate Abilities, Weirdness & Mutations

You are too large for most types of armour.
You have claws for hands.
Your metabolism is lightning-fast.
You like to eat raw meat.
Your natural rate of healing is unusually fast.
You are covered in fur. (AC +1)
You have very tough skin. (AC +2)
You have large cloven feet.
Your mind is acute. (Int +2)
Your body sometimes deteriorates upon taking damage.
You are somewhat resistant to further mutation.


Message History

You feel much better. The yak gores you!
* * * LOW HITPOINT WARNING * * *
Your body deteriorates!
You feel dopey. Something hits you but does no damage.
A centaur warrior skeleton comes into view.
As you read the scroll of teleportation, it crumbles to dust.
You feel strangely unstable. You block the yak's attack.
It was a potion of might.
You feel very mighty all of a sudden. Something hits you but does no damage.
You block the yak's attack.
You closely miss something. Your kick misses something. Something hits you!
* * * LOW HITPOINT WARNING * * *
Something burns you.
* * * LOW HITPOINT WARNING * * *
The yak gores you!
* * * LOW HITPOINT WARNING * * *
Your body deteriorates!
You feel dopey.
You miss something. You kick something! You block the yak's attack.
Something hits you.
You die... #..# #.. #Y. #YY

#h# #Y# #Y#
#@# #{#
#.############
#.............
#.......[.....
#.............
#......)......
#....).)))....
#.....).......


You could see 5 yaks and a black bear.

Vanquished Creatures
  A two-headed ogre (D:8)
  Pikel (D:5)
  Psyche (D:8)
  Prince Ribbit (D:5)
  A troll (D:9)
  6 yaks (D:7)
  4 hogs (D:7)
  A hungry ghost (D:10)
  7 humans (D:7)
  Menkaure (D:5)
  Edmund (D:5)
  An ice beast (D:7)
  4 sky beasts
  3 black bears
  A necrophage (D:10)
  2 orc warriors
  A phantom (D:4)
  2 ogres
  4 centaurs
  5 bullfrogs
  A big kobold (D:9)
  3 scorpions
  5 killer bees (D:7)
  5 wights (D:9)
  6 howler monkeys
  2 crimson imps
  2 bullfrog zombies
  A centaur skeleton (D:6)
  10 hounds
  2 jellies
  4 orc priests
  Jessica (D:7)
  3 iguanas
  Terence (D:2)
  6 worker ants
  Natasha (D:2)
  6 orc wizards
  Robin (D:3)
  3 worker ant zombies
  6 gnolls
  13 adders
  2 shadow imps
  An ooze (D:1)
  An adder zombie (D:6)
  2 worms
  2 dart slugs (D:2)
  5 leopard geckos
  21 orcs
  2 bats
  A giant cockroach (D:1)
  12 goblins
  10 hobgoblins
  6 jackals
  8 kobolds
  3 quokkas
  A ball python (D:5)
  A frilled lizard (D:1)
  A leopard gecko skeleton (D:5)
  5 rats
  A fungus (D:3)
215 creatures vanquished.

Vanquished Creatures (others)
  2 slaves (D:5)
  A hound (D:5)
  2 orc priests (D:5)
  An orc (D:5)
6 creatures vanquished.

Grand Total: 221 creatures vanquished

Notes
Turn   | Place    | Note
-------+----------+-------------------------------------------
     0 | D:1      | Ijustatesigmund the Troll Monk began the quest for the Orb.
     0 | D:1      | Reached XP level 1. HP: 22/22 MP: 0/0
   188 | D:1      | Reached XP level 2. HP: 27/29 MP: 1/1
   662 | D:2      | Noticed Terence
   676 | D:2      | Killed Terence
   676 | D:2      | Reached skill level 4 in Unarmed Combat
   676 | D:2      | Reached XP level 3. HP: 18/36 MP: 2/2
   855 | D:2      | Reached XP level 4. HP: 43/44 MP: 3/3
  1008 | D:2      | Reached skill level 5 in Unarmed Combat
  1203 | D:2      | Noticed Natasha
  1211 | D:2      | Killed Natasha
  1211 | D:2      | Reached XP level 5. HP: 42/53 MP: 4/4
  1497 | D:3      | Noticed Robin
  1509 | D:3      | Killed Robin
  1804 | D:3      | Found a faded altar of an unknown god.
  2100 | D:3      | Reached XP level 6. HP: 62/62 MP: 5/5
  2336 | D:4      | Reached skill level 6 in Unarmed Combat
  2406 | D:4      | Gained mutation: You have large cloven feet. [potion of mutation]
  2406 | D:4      | Gained mutation: Your body sometimes deteriorates upon taking damage. [potion of mutation]
  2406 | D:4      | Gained mutation: Your mind is acute. (Int +2) [potion of mutation]
  2620 | D:4      | Reached skill level 1 in Shields
  2728 | D:4      | Reached XP level 7. HP: 66/70 MP: 6/6
  2999 | D:4      | Found a basalt altar of Yredelemnul.
  3059 | D:5      | Entered Level 5 of the Dungeon
  3059 | D:5      | Noticed Menkaure
  3068 | D:5      | Killed Menkaure
  3090 | D:5      | Found a hazy altar of Hepliaklqana.
  3091 | D:5      | Noticed Edmund
  3100 | D:5      | Killed Edmund
  3172 | D:5      | Noticed Pikel
  3183 | D:5      | Killed Pikel
  3183 | D:5      | Reached XP level 8. HP: 64/78 MP: 7/7
  3269 | D:5      | Noticed Prince Ribbit
  3272 | D:5      | Identified the Disquisition on Ghastly Battle Magic
  3430 | D:5      | Killed Prince Ribbit
  3741 | D:6      | Found a bloodstained altar of Trog.
  3952 | D:6      | Reached XP level 9. HP: 60/84 MP: 8/8
  4300 | D:6      | Found a shadowy altar of Dithmenos.
  4364 | D:6      | Found a staircase to the Ecumenical Temple.
  4373 | Temple   | Entered the Ecumenical Temple
  4377 | Temple   | Became a worshipper of Cheibriados the Contemplative
  4377 | Temple   | Reached * piety under Cheibriados
  4377 | Temple   | Reached ** piety under Cheibriados
  4569 | D:7      | Reached skill level 1 in Invocations
  4586 | D:7      | Reached skill level 5 in Fighting
  4586 | D:7      | Reached skill level 7 in Unarmed Combat
  4783 | D:7      | Found a runed door.
  4789 | D:7      | Found a runed door.
  4795 | D:7      | Found a runed door.
  4796 | D:7      | Found a runed door.
  4801 | D:7      | Found a runed door.
  4804 | D:7      | Noticed Jessica
  4807 | D:7      | Killed Jessica
  4838 | D:7      | Reached XP level 10. HP: 98/98 MP: 11/11
  4850 | D:7      | Reached *** piety under Cheibriados
  4856 | D:7      | Reached skill level 8 in Unarmed Combat
  5154 | D:7      | Found a large runed door.
  5500 | D:8      | Found a staircase to the Lair.
  5546 | D:8      | Found a stormy altar of Qazlal.
  5559 | D:8      | Upgraded the game from 0.21-a0-110-g8e1637b to 0.21-a0-111-g52d2817
  5631 | D:8      | Found a radiant altar of Vehumet.
  5697 | D:8      | Noticed Psyche
  5707 | D:8      | Killed Psyche
  5707 | D:8      | Reached skill level 5 in Invocations
  6003 | D:8      | Noticed a two-headed ogre
  6010 | D:8      | Killed a two-headed ogre
  6010 | D:8      | Reached skill level 9 in Unarmed Combat
  6321 | D:9      | Found a hide-covered altar of Uskayaw.
  6378 | D:9      | Reached **** piety under Cheibriados
  6879 | D:9      | Learned a level 1 spell: Beastly Appendage
  7068 | D:9      | Reached XP level 11. HP: 104/109 MP: 14/14
  7099 | D:9      | Reached ***** piety under Cheibriados
  7107 | D:9      | Gained mutation: You are somewhat resistant to further mutation. [mutagenic meat]
  7156 | D:9      | Found an opulent altar of Gozag.
  7567 | D:10     | Entered Level 10 of the Dungeon
  7650 | D:10     | Noticed Erica
  7670 | D:10     | HP: 4/109 [yak (11)]
  7671 | D:10     | Slain by Erica

Vault maps used:
D:1:      lemuel_arrival_tunnels, minmay_pentomino_t2
D:2:      first_bread, st_stairs_6, hangedman_glass_teeth, uniq_natasha,
          uniq_terence
D:3:      chequers_ecumenical_altar_twisty, minmay_gold_behind_fungi,
          chequers_big_river, uniq_robin
D:4:      lemuel_coloured_pillars_altar
D:5:      old_standard_altar, uniq_prince_ribbit1, uniq_edmund, uniq_menkaure,
          uniq_pikel
D:6:      trog_ov_bears_minmay, lemuel_crystal_altar, minmay_temple_entry_glass,
          kennysheep_doodads, kennysheep_big_empty_room
D:7:      erik_cavepeople, grunt_livestock
D:8:      vehumet_statue, dpeg_oklobed_lair, nicolae_qazlal_general_emergency,
          uniq_psyche
D:9:      eat_drink_and_be_merry_uskayaw,
          nicolae_gozag_cash_rules_everything_around_me
D:10:     grunt_ministairs_12, columned_hall_lemuel, uniq_erica
Temple:   nicolae_temple_x_marks_the_god

Skill      XL: |  1  2  3  4  5  6  7  8  9 10 |
---------------+-------------------------------+-----
Unarmed Combat | 4 5 6 7 9 |  9.6
Fighting       | 3 4 5 7 |  7.6
Shields        | 2 6 7 8 |  8.3
Invocations    | 3 6 |  6.4
Dodging        | |  2.4
Stealth        | |  1.0

Action                   |  1- 3 |  4- 6 |  7- 9 | 10-12 || total
-------------------------+-------+-------+-------+-------++-------
Melee: Unarmed           |    56 |   174 |   217 |   214 ||   661
       Punch             |     4 |     4 |       |       ||     8
       Kick              |       |     7 |    70 |   104 ||   181
Throw: Throwing net      |       |       |       |     1 ||     1
Invok: Slouch            |       |       |       |     1 ||     1
Evoke: Wand              |       |       |     6 |       ||     6
  Use: Scroll            |       |    14 |     1 |     5 ||    20
       Potion            |       |     1 |     2 |     4 ||     7
 Stab: Sleeping          |     3 |     2 |     1 |     3 ||     9
       Invisible         |       |       |     3 |     2 ||     5
       Held in net/web   |       |       |       |     2 ||     2
       Distracted        |       |       |       |     1 ||     1
  Eat: Chunk             |     5 |    22 |    21 |    18 ||    66
Armor: Robe              |    20 |    55 |    38 |    39 ||   152
Dodge: Dodged            |    21 |    87 |    61 |    50 ||   219
Block: Shield            |       |     2 |   103 |   105 ||   210
